 Dungeon Crawl Stone Soup version 0.20.1-1-g8b1a95d (webtiles) character file.

486 Liatris the Chopper (level 6, -2/47 HPs)
             Began as a Demonspawn Gladiator on Aug 12, 2017.
             Was an Initiate of Okawaru.
             Killed from afar by Ijyb (19 damage)
             ... with a wand of lightning (?/15)
             ... on level 5 of the Dungeon.
             The game lasted 00:23:49 (4560 turns).

Liatris the Chopper (Demonspawn Gladiator)          Turns: 4560, Time: 00:23:49

Health: -2/47      AC: 14    Str: 16    XL:     6   Next: 89%
Magic:  6/6        EV:  6    Int: 10    God:    Okawaru [......]
Gold:   209        SH:  0    Dex: 14    Spells: 5/5 levels left

rFire    + . .     SeeInvis .   a - +1 war axe
rCold    + . .     Gourm    .   (no shield)
rNeg     . . .     Faith    .   k - +1 plate armour
rPois    .         Spirit   .   l - +1 helmet
rElec    .         Reflect  .   r - scarf {rC+ rF+}
rCorr    .         Harm     .   (no gloves)
MR       +....                  (no boots)
Stlth    ..........             (no amulet)
Regen    0.2/turn               g - ring of protection from magic
MPRegen  0.1/turn               (no ring)

@: no status effects
A: claws 2
a: Renounce Religion


You were on level 5 of the Dungeon.
You worshipped Okawaru.
Okawaru was noncommittal.
You were not hungry.

You visited 2 branches of the dungeon, and saw 6 of its levels.

You collected 209 gold pieces.

Inventory:

Hand Weapons
 a - a +1 war axe (weapon)
 s - a +0 battleaxe
Missiles
 d - 3 throwing nets (quivered)
Armour
 c - a +0 helmet
 j - a +0 chain mail
 k - a +1 plate armour (worn)
 l - a +1 helmet (worn)
 r - a scarf of resistance (worn)
Jewellery
 g - a ring of protection from magic (left claw)
 i - an uncursed ring of teleportation
 o - an uncursed amulet of harm
Scrolls
 b - 2 scrolls of identify
 h - a scroll of recharging
 m - a scroll of magic mapping
 n - a scroll of amnesia
Potions
 e - 2 potions of flight
 p - a potion of curing
Comestibles
 f - a bread ration


   Skills:
 + Level 3.2 Fighting
 + Level 5.5 Axes
 + Level 1.8 Throwing
 + Level 2.6 Armour
 + Level 3.3 Dodging
 + Level 0.8 Stealth


You had 5 spell levels left.
You didn't know any spells.

Dungeon Overview and Level Annotations

Branches:
Dungeon (5/15)             Temple (1/1) D:5

Altars:
Cheibriados
Dithmenos
Elyvilon
Fedhas
Gozag
Hepliaklqana
Makhleb
Nemelex Xobeh
Okawaru
Qazlal
Ru
Trog
Uskayaw
Xom
Yredelemnul
Zin
The Shining One

Annotations:
D:3 broninjaking's ghost, weakling DsGl
D:5 Ijyb


Innate Abilities, Weirdness & Mutations

You have very sharp fingernails.


Message History

Ijyb hits you but does no damage.
Your plate armour prevents you from hitting Ijyb.
Ijyb is lightly wounded.
Ijyb hits you but does no damage.
You closely miss Ijyb.
Ijyb is lightly wounded.
Ijyb hits you but does no damage.
You closely miss Ijyb.
Ijyb is lightly wounded.
Ijyb hits you but does no damage.
You hit Ijyb but do no damage.
Ijyb is lightly wounded.
Ijyb zaps a wand.
The bolt of lightning hits you!
You closely miss Ijyb.
Ijyb is lightly wounded.
Ijyb hits you but does no damage.
You hit Ijyb.
Ijyb is moderately wounded.
Ijyb zaps a wand.
The bolt of lightning hits you!
You die...

####### #.....# #.....#
######### #######.....#
#........ ..........>.#
#........
.....#......####.......$
.....#..................
######.##..#####@....[..
...............'g..>....
##########..####........
#########.# #........
#.......).# ####+####
#.........######
#..............#
#..............#
#..............#


You could see Ijyb.

Vanquished Creatures
  Sigmund (D:2)
  A centaur skeleton (D:4)
  Natasha (twice) (D:2)
  Terence (D:2)
  3 worker ants
  A hound skeleton (D:4)
  3 adders
  3 gnolls (D:5)
  An adder zombie (D:5)
  2 worms (D:2)
  7 dart slugs
  2 leopard geckos
  An orc (D:3)
  2 ball pythons
  4 giant cockroaches
  4 goblins
  11 hobgoblins
  10 jackals
  A quokka (D:3)
  12 bats
  4 frilled lizards
  4 kobolds
  6 rats
86 creatures vanquished.

Notes
Turn   | Place    | Note
-------+----------+-------------------------------------------
     0 | D:1      | Liatris the Demonspawn Gladiator began the quest for the Orb.
     0 | D:1      | Reached XP level 1. HP: 16/16 MP: 1/1
   317 | D:1      | Reached skill level 3 in Axes
   340 | D:1      | Gained mutation: You have sharp fingernails. [demonic ancestry]
   340 | D:1      | Reached XP level 2. HP: 22/22 MP: 2/2
   583 | D:1      | Reached XP level 3. HP: 17/27 MP: 3/3
  1125 | D:2      | Noticed Terence
  1131 | D:2      | Killed Terence
  1131 | D:2      | Reached skill level 1 in Armour
  1131 | D:2      | Reached XP level 4. HP: 33/33 MP: 4/4
  1207 | D:2      | Noticed Sigmund
  1216 | D:2      | Killed Sigmund
  1216 | D:2      | Reached skill level 4 in Axes
  1216 | D:2      | Reached XP level 5. HP: 38/39 MP: 5/5
  1527 | D:2      | Noticed Natasha
  1537 | D:2      | Killed Natasha
  1537 | D:2      | Gained mutation: You have very sharp fingernails. [demonic ancestry]
  1537 | D:2      | Reached XP level 6. HP: 44/46 MP: 6/6
  1644 | D:2      | Noticed Natasha
  1656 | D:2      | Killed Natasha
  1656 | D:2      | Reached skill level 5 in Axes
  1951 | D:3      | Noticed broninjaking's ghost (weakling DsGl)
  2917 | D:4      | Found a sacrificial altar of Ru.
  3353 | D:4      | Found a white marble altar of Elyvilon.
  3353 | D:4      | Found a bloodstained altar of Trog.
  3353 | D:4      | Found a snail-covered altar of Cheibriados.
  3357 | D:4      | Found a stormy altar of Qazlal.
  3358 | D:4      | Found an opulent altar of Gozag.
  3606 | D:5      | Entered Level 5 of the Dungeon
  4175 | D:5      | Found a staircase to the Ecumenical Temple.
  4184 | Temple   | Entered the Ecumenical Temple
  4363 | Temple   | Became a worshipper of Warmaster Okawaru
  4547 | D:5      | Noticed Ijyb
  4560 | D:5      | Killed from afar by Ijyb

Skill      XL: |  1  2  3  4  5  6 |
---------------+-------------------+-----
Axes           | 3 4 5 |  5.5
Dodging        | 3 |  3.3
Armour         | 1 2 |  2.6
Fighting       | 3 |  3.2
Throwing       | |  1.8
Stealth        | |  0.8

Action                   |  1- 3 |  4- 6 || total
-------------------------+-------+-------++-------
Melee: War axe           |   114 |   199 ||   313
  Use: Scroll            |     5 |     8 ||    13
       Potion            |     1 |     5 ||     6
 Stab: Sleeping          |     3 |       ||     3
  Eat: Royal jelly       |     1 |     2 ||     3
       Bread ration      |       |     2 ||     2
Armor: Leather armour    |    30 |       ||    30
       Chain mail        |    31 |    67 ||    98
       Plate armour      |       |    63 ||    63
Dodge: Dodged            |    65 |    77 ||   142
